 Dungeon Crawl Stone Soup version 0.22-a0-377-g846bec1 (webtiles) character file.

1086 DrEnzyme the Cudgeler (level 8, -4/66 HPs)
             Began as a Yellow Draconian Wanderer on Apr 26, 2018.
             Killed by divine providence
             ... invoked by an orc priest
              (14 damage)
             ... on level 6 of the Dungeon.
             The game lasted 00:56:37 (8515 turns).

DrEnzyme the Cudgeler (Yellow Draconian Wanderer)   Turns: 8515, Time: 00:56:38

Health: -4/66      AC:  9    Str: 16    XL:     8   Next: 9%
Magic:  12/12      EV: 13    Int: 12    God:
Gold:   195        SH:  0    Dex: 12    Spells: 9/13 levels left

rFire    . . .     SeeInvis .   l - +0 mace
rCold    . . .     Gourm    .   (no shield)
rNeg     . . .     Faith    +   (armour unavailable)
rPois    +         Spirit   .   (helmet restricted)
rElec    .         Reflect  .   f - +2 cloak {rPois}
rCorr    +         Harm     .   (no gloves)
MR       .....                  (no boots)
Stlth    ++........             a - amulet of faith
HPRegen  0.21/turn              (no ring)
MPRegen  0.13/turn              (no ring)

@: short of breath
A: spit acid, acid resistance, unfitting armour, cold-blooded, AC +6
a: Breathe Acid


You were on level 6 of the Dungeon.
You were not hungry.

You visited 1 branch of the dungeon, and saw 6 of its levels.

You collected 195 gold pieces.

Inventory:

Hand Weapons
 d - a +0 flail
 e - a +0 dagger
 l - a +0 mace (weapon)
 n - a +0 war axe
 p - a +0 blowgun
 t - a cursed -2 dagger
 A - a +2 vampiric spear
Missiles
 q - 31 poisoned needles (quivered)
Armour
 f - a +2 cloak of poison resistance (worn)
Jewellery
 a - an amulet of faith (around neck)
 w - an uncursed amulet of magic regeneration {unknown}
Wands
 x - a wand of random effects (29)
 y - a wand of disintegration (11)
Scrolls
 b - a scroll of remove curse {unknown}
 g - a scroll of identify
 i - a scroll of blinking {unknown}
 m - 2 scrolls of immolation
 o - 3 scrolls of magic mapping {unknown}
 s - 2 scrolls of teleportation
 B - a scroll of enchant armour {unknown}
 D - a scroll of fear {unknown}
Potions
 c - 5 potions of curing
 h - 2 potions of resistance {unknown}
 j - a potion of lignification {unknown}
 k - a potion of degeneration {unknown}
 r - a potion of mutation {unknown}
 u - a potion of might {unknown}
 v - 3 potions of heal wounds {unknown}
 z - a potion of flight {unknown}
 C - a potion of ambrosia {unknown}


   Skills:
 + Level 4.3 Fighting
 * Level 6.9 Maces & Flails
 + Level 0.7 Throwing
 + Level 3.2 Dodging
 + Level 3.3 Stealth
 - Level 3.0 Spellcasting
 * Level 1.1 Hexes
   Level 1.7 Charms
 + Level 1.1 Evocations


You had 9 spell levels left.
You knew the following spells:

 Your Spells              Type           Power        Failure   Level  Hunger
a - Confusing Touch       Hex            #.....       16%         1    #......
b - Confuse               Hex            #.......     43%         3    ###....


Dungeon Overview and Level Annotations

Branches:
Dungeon (6/15)             Temple (0/1) D:5

Altars:
Dithmenos
Kikubaaqudgha
Makhleb


Innate Abilities, Weirdness & Mutations

You can spit globs of acid.
You are resistant to acid.
Your golden yellow scales are hard. (AC +6)
You cannot fit into any form of body armour.
You are cold-blooded and may be slowed by cold attacks.


Message History

You feel somewhat more hungry.
The orc warrior shouts!
You hear a shout!
The orc warrior throws a stone.
The stone hits you.
You hear a shout!
The orc warrior throws a stone.
The stone hits you!
You see here a stone.
An orc and an orc priest come into view.
The orc shouts!
The orc warrior hits you with a battleaxe!!
You see here a stone.
You barely miss the orc warrior. The orc warrior barely misses you.
You barely miss the orc warrior.
You hit the orc warrior but do no damage.
The orc warrior hits you with a battleaxe!!
* * * LOW HITPOINT WARNING * * *
Unknown command.
You see here a stone.
The orc priest invokes the aid of Beogh against you.
Beogh smites you!
You die...

#.# #....... # #.# .# #
#.# .# # #.# # ##(## #
##.##.# ######.o.# #
#####...#.# #.. ....# #
..........# #.####o..#
#
#####...#######...(oo.#
# # ##..........@######
# ##########.## # #.# #
#.# #.# ### #.# ## ..#
##### #.# #. ..#
##...## #.# #.
..###.###.## #.# ###.


You could see an orc warrior, an orc priest and an orc.

Vanquished Creatures
  The ghost of drpain the Covert, a novice SpAs (D:6)
  2 ogres
  The ghost of drpain the Ducker, an amateur SpAs (D:3)
  A water moccasin skeleton (D:4)
  A howler monkey (D:4)
  A crimson imp (D:5)
  A jelly (D:5)
  2 hounds
  3 orc wizards
  2 worker ants
  A hound skeleton (D:5)
  11 adders
  7 gnolls
  3 oozes
  An adder zombie (D:5)
  An adder skeleton (D:4)
  A worm (D:3)
  A dart slug (D:4)
  2 leopard geckos
  8 orcs
  10 bats
  A bat zombie (D:3)
  6 giant cockroaches
  5 goblins
  14 hobgoblins
  7 jackals (D:1)
  7 kobolds
  A quokka (D:4)
  7 frilled lizards
  A jackal skeleton (D:6)
  A quokka skeleton (D:5)
  9 rats
  A rat zombie (D:3)
121 creatures vanquished.

Notes
Turn   | Place    | Note
-------+----------+-------------------------------------------
     0 | D:1      | DrEnzyme the Draconian Wanderer began the quest for the Orb.
     0 | D:1      | DrEnzyme set off with: a potion of curing, a +0 club, a +0 dagger, a ration
     0 | D:1      | Reached XP level 1. HP: 17/17 MP: 4/4
   384 | D:1      | Reached skill level 1 in Maces & Flails
   440 | D:1      | Reached XP level 2. HP: 25/25 MP: 6/6
  1341 | D:1      | Reached XP level 3. HP: 24/30 MP: 7/7
  1801 | D:1      | Reached skill level 2 in Maces & Flails
  2646 | D:2      | Reached XP level 4. HP: 35/37 MP: 8/8
  2774 | D:3      | Noticed drpain's ghost (amateur SpAs)
  2871 | D:3      | Reached skill level 1 in Dodging
  2946 | D:3      | Reached skill level 3 in Maces & Flails
  3484 | D:3      | Reached XP level 5. HP: 44/45 MP: 9/9
  3490 | D:3      | Found an ancient bone altar of Kikubaaqudgha.
  3662 | D:3      | Killed drpain's ghost
  4289 | D:3      | Reached skill level 4 in Maces & Flails
  4715 | D:4      | Reached XP level 6. HP: 51/51 MP: 10/10
  5256 | D:4      | Found a burning altar of Makhleb.
  5878 | D:5      | Entered Level 5 of the Dungeon
  5944 | D:5      | Reached skill level 5 in Maces & Flails
  6155 | D:3      | Your scales start taking on a golden yellow colour.
  6155 | D:3      | Reached XP level 7. HP: 13/58 MP: 11/11
  6470 | D:4      | HP: 2/59 [cloud of flame (17)]
  7168 | D:5      | Found a shadowy altar of Dithmenos.
  7508 | D:5      | Found a staircase to the Ecumenical Temple.
  7553 | D:5      | Reached skill level 6 in Maces & Flails
  7701 | D:5      | Learned a level 1 spell: Confusing Touch
  7705 | D:5      | Learned a level 3 spell: Confuse
  8097 | D:6      | Noticed drpain's ghost (novice SpAs)
  8106 | D:6      | Killed drpain's ghost
  8110 | D:6      | Reached skill level 1 in Hexes
  8110 | D:6      | Reached XP level 8. HP: 66/66 MP: 12/12
  8515 | D:6      | Killed from afar by an orc priest

Vault maps used:
D:1:      dpeg_arrival_water_temple_mockup
D:2:      first_ration, minmay_misc_feat_encased,
          hangedman_abyss_or_decor_stabs, minmay_tromino_i2
D:3:      lemuel_zombie_altar_kikubaaqudgha
D:4:      bloody_makhleb, minmay_misc_feat_room
D:5:      grunt_dithmenos_smoke_and_mirrors, minmay_temple_entry_butterflies
D:6:      serial_shops, shop

Skill      XL: |  1  2  3  4  5  6  7 |
---------------+----------------------+-----
Maces & Flails | 1 2 3 4 5 6 |  6.9
Stealth        | 2 3 |  3.3
Dodging        | 1 2 3 |  3.2
Fighting       | 3 4 |  4.3
Hexes          | 1 |  1.1
Throwing       | |  0.7
Spellcasting   | |  3.0
Charms         | |  1.7
Evocations     | |  1.1

Action                   |  1- 3 |  4- 6 |  7- 9 || total
-------------------------+-------+-------+-------++-------
Melee: Club              |   179 |       |       ||   179
       Tailslap          |    25 |    28 |    11 ||    64
       Mace              |    28 |   329 |   113 ||   470
 Fire: Blowgun           |       |     5 |       ||     5
 Abil: Breathe Acid      |       |       |     3 ||     3
Evoke: Wand              |       |     1 |     4 ||     5
  Use: Scroll            |     1 |     4 |     3 ||     8
       Potion            |       |     2 |       ||     2
 Stab: Sleeping          |     4 |     3 |       ||     7
  Eat: Chunk             |     2 |       |     4 ||     6
       Ration            |     1 |     4 |     1 ||     6
Armor: Skin              |    84 |   145 |    39 ||   268
Dodge: Dodged            |   139 |   230 |    80 ||   449

Table legend:
 A = Spawn XP
 B = Non-spawn XP
 C = Spawn XP percentage of total XP
 D = Spawn monster count
 E = Non-spawn monster count
 F = Spawn count percentage of total count
 G = Total turns spent on level
                    A         B        C        D         E        F      G
               +---------+---------+-------+---------+---------+-------+---------
         Total |       0 |    1552 |   0.0 |       0 |     121 |   0.0 |  8515
               +---------+---------+-------+---------+---------+-------+---------
           D:1 |       0 |      66 |   0.0 |       0 |      33 |   0.0 |  1855
           D:2 |       0 |      47 |   0.0 |       0 |      14 |   0.0 |  1720
           D:3 |       0 |     273 |   0.0 |       0 |      34 |   0.0 |  1818
           D:4 |       0 |     449 |   0.0 |       0 |      16 |   0.0 |  1603
           D:5 |       0 |     264 |   0.0 |       0 |      18 |   0.0 |   993
           D:6 |       0 |     453 |   0.0 |       0 |       6 |   0.0 |   526
               +---------+---------+-------+---------+---------+-------+---------
